 Dungeon Crawl Stone Soup version 0.17.0-28-g6e173f8 (console) character file.

158235 Kloppie the Severer (level 18, -3/149 HPs)
             Began as a Formicid Fighter on Nov 24, 2015.
             Was the Champion of Makhleb.
             Killed by divine providence
             ... invoked by a balrug
             ... summoned by the player character
              (14 damage)
             ... on level 4 of the Snake Pit.
             The game lasted 01:06:48 (30234 turns).

Kloppie the Severer (Formicid Fighter)             Turns: 30234, Time: 01:06:48

Health: -3/149     AC: 30    Str: 23    XL:     18   Next: 34%
Magic:  18/18      EV: 15    Int: 10    God:    Makhleb [******]
Gold:   535        SH: 21    Dex: 24    Spells: 0 memorised, 17 levels left

rFire  . . .     SeeInvis +     b - +9 war axe (vamp)
rCold  + + .     Clarity  +     t - +7 chain mail of Tiqetod {rPois MP-9 Str+2 Stlth+}
rNeg   . . .     SustAt   .     q - +0 large shield
rPois  +         Gourm    .     (helmet unavailable)
rElec  .         Spirit   .     M - +1 cloak of Apathy {*Drain rPois Regen+ Dex+3}
rCorr  +         Warding  .     p - +1 pair of gloves
rMut   .         Stasis   +     S - +1 pair of boots
MR     ++...                    K - amulet "Aruaptem" {rCorr rC+ Slay+2}
Stlth  ..........               c - ring "Jeunant" {MR+ AC+3 Dex+3 SInv}
                                T - ring of protection from cold

@: lethally poisoned (-3 -> -12), very resistant to hostile enchantments,
extremely unstealthy
A: permanent stasis, dig shafts and tunnels, four strong arms, antennae 3, agile
1, clarity
a: Dig, Shaft Self, Minor Destruction, Lesser Servant of Makhleb, Major
Destruction, Greater Servant of Makhleb, Renounce Religion


You were on level 4 of the Snake Pit.
You worshipped Makhleb.
Makhleb was exalted by your worship.
You were very hungry.

You visited 5 branches of the dungeon, and saw 29 of its levels.
You also visited: Labyrinth.

You collected 2478 gold pieces.
You spent 1943 gold pieces at shops.

Inventory:

Hand Weapons
 a - the +10 battleaxe "Killer Klown's Peril" {antimagic, rElec Dex+3}
   (You acquired it on level 7 of the Dungeon)

   It disrupts the flow of magical energy around spellcasters and certain
   magical creatures (including the wielder).
   It affects your dexterity (+3).
   It insulates you from electricity.
 b - a +9 vampiric war axe (weapon)
Armour
 p - a +1 pair of gloves (worn)
 q - a +0 large shield (worn)
 t - the +7 chain mail of Tiqetod (worn) {rPois MP-9 Str+2 Stlth+}
   (You bought it in a shop on level 4 of the Orcish Mines)

   It affects your strength (+2).
   It protects you from poison.
   It affects your magic capacity (-9).
   It makes you more stealthy.
 M - the +1 cloak of Apathy (worn) {*Drain rPois Regen+ Dex+3}
   (You bought it in a shop on level 4 of the Orcish Mines)

   It affects your dexterity (+3).
   It protects you from poison.
   It increases your rate of regeneration.
   It causes draining when unequipped.
 S - a +1 pair of boots (worn)
Jewellery
 c - the ring "Jeunant" (right hand) {MR+ AC+3 Dex+3 SInv}
   (You bought it in a shop on level 11 of the Dungeon)

   [ring of protection]

   It affects your AC (+3).
   It affects your dexterity (+3).
   It affects your resistance to hostile enchantments.
   It lets you see invisible.
 i - an uncursed ring of sustain attributes
 C - an uncursed amulet of resist mutation
 F - an uncursed amulet of the gourmand {unknown}
 K - the amulet "Aruaptem" (around neck) {rCorr rC+ Slay+2}
   (You found it on level 11 of the Dungeon)

   [amulet of resist corrosion]

   It protects you from acid and corrosion.
   It affects your accuracy and damage with ranged weapons and melee attacks
   (+2).
   It protects you from cold.
 T - a ring of protection from cold (left hand)
Wands
 d - a wand of teleportation (2)
 r - a wand of draining (9)
 w - a wand of random effects (16)
 z - a wand of disintegration (18)
 E - a wand of confusion (20)
 I - a wand of teleportation (3)
 J - a wand of teleportation (6)
Scrolls
 g - 8 scrolls of enchant armour
 j - 10 scrolls of remove curse
 n - 2 scrolls of amnesia
 o - a scroll of fear
 x - 3 scrolls of identify
 D - 4 scrolls of recharging
 N - 4 scrolls of immolation
 Z - 2 scrolls of fog
Potions
 f - 3 potions of flight
 k - 2 potions of resistance
 l - 4 potions of lignification
 m - 7 potions of curing
 u - 2 potions of mutation
 B - 4 potions of brilliance
 H - a potion of invisibility
 L - a potion of might
 Q - 2 potions of cure mutation
 U - 2 potions of agility {unknown}
Books
 v - a book of Frost

   Spells                             Type                      Level
   a - Freeze                         Ice                          1
   b - Throw Frost                    Conjuration/Ice              2
   c - Ozocubu's Armour               Charms/Ice                   3
   d - Throw Icicle                   Conjuration/Ice              4
   e - Summon Ice Beast               Ice/Summoning                4
   f - Condensation Shield            Ice                          4
 y - a book of Burglary

   Spells                             Type                      Level
   a - Swiftness                      Charms/Air                   2
   b - Passwall                       Transmutation/Earth          3
   c - Passage of Golubria            Translocation                4
   d - Lee's Rapid Deconstruction     Earth                        5
   e - Darkness                       Hexes                        6
   f - Invisibility                   Hexes                        6
 A - a book of the Earth

   Spells                             Type                      Level
   a - Leda's Liquefaction            Hexes/Earth                  4
   b - Bolt of Magma                  Conjuration/Fire/Earth       5
   c - Statue Form                    Transmutation/Earth          6
   d - Iron Shot                      Conjuration/Earth            6
   e - Shatter                        Earth                        9
Miscellaneous
 G - a disc of storms
Comestibles
 e - 13 bread rations
 h - 11 meat rations


   Skills:
 + Level 15.3 Fighting
 - Level 16.3 Axes
 - Level 13.4 Armour
 - Level 7.7 Dodging
 - Level 15.2 Shields
 + Level 12.4 Invocations


You had 17 spell levels left.
You didn't know any spells.

Dungeon Overview and Level Annotations

Branches:
Dungeon (12/15)            Temple (1/1) D:7            Lair (8/8) D:10
 Shoals (0/4) Lair:4        Snake (4/4) Lair:3        Slime (0/6) Lair:7
    Orc (4/4) D:11            Elf (0/3) Orc:4

Altars:
Ashenzari
Cheibriados
Dithmenos
Elyvilon
Fedhas
Gozag
Kikubaaqudgha
Makhleb
Nemelex Xobeh
Okawaru
Qazlal
Ru
Sif Muna
Trog
Vehumet
Xom
Yredelemnul
Zin
The Shining One
Beogh

Shops:
D:10 :   D:11 ([*   Orc:4 *[([(   Snake:2 *

Annotations:
Snake:1 exclusion: Roxanne, Roxanne


Innate Abilities, Weirdness & Mutations

You are under a permanent stasis effect.
You can dig through walls and to a lower floor.
Your four strong arms can wield two-handed weapons with a shield.
You have a pair of large antennae on your head (SInv).
You are agile. (Dex +2)
You possess an exceptional clarity of mind.


Message History

* * * LOW HITPOINT WARNING * * *
You block the balrug's attack. The greater naga casts a spell at you.
You resist with almost no effort.
You slash the balrug!
The balrug is heavily wounded.
You feel sick. You block the balrug's attack.
You slash the balrug!
The balrug is severely wounded.
You feel sick. The balrug hits you but does no damage.
The greater naga casts a spell at you. You resist with almost no effort.
You slash the balrug!
The balrug is severely wounded.
You feel sick.
The greater naga hits you from afar with a halberd.
* * * LOW HITPOINT WARNING * * *
The balrug gestures at you. Something smites you!
You die...

....####..............#...######.
...........#......#..#.##........
...#....$..#..#..#....##.....#.#.
<..........##....#............#)#
.N.........###.)...............#.
,.........N##{.#(...............#
,.......(S{{{N###...............#
,.....(.NNNNN##2.................
,.......S{{N#(N.@..(.............
*...##..{############...####.....
,,......{{{,**** #....#..##...
,.......{..{*,,*** #....###.....
,...........*,,,,* #....##..####
,..N..{..#..#,,,,** #.....#..##.#
,........{..#*,,,,* #........##..
,.#........##,,{{,* #............
*,,,,⌠,,,**,,,,,{,**#.....#..<...


You could see a naga warrior, a greater naga, a balrug, an anaconda, a naga
ritualist and 2 naga magi.

Vanquished Creatures
  Saint Roka (Orc:4)
  Nikola (Snake:1)
  5 greater nagas
  Maud (Lair:3)
  Nessos (Lair:7)
  A minotaur (Lab)
  An ogre mage (D:10)
  6 hydras
  Fannar (D:10)
  Harold (D:11)
  11 naga warriors
  A catoblepas (Lair:5)
  Erica (D:9)
  19 death yaks
  5 anacondas
  5 naga sharpshooters (Snake:4)
  7 shock serpents
  3 orc high priests
  Sonja (Lair:2)
  The ghost of nataq the Fighter, a novice DsFi of Ru (D:8)
  A salamander mystic (Snake:4)
  An unseen horror (D:12)
  A swamp dragon (Lair:7)
  A sea snake (Lair:4)
  An ugly thing (D:11)
  3 naga ritualists
  4 mana vipers
  3 orc knights
  4 hill giants
  8 salamanders
  25 elephants
  A guardian serpent (Snake:3)
  15 naga magi
  Joseph (D:9)
  19 black mambas
  2 gargoyles
  Psyche (D:9)
  19 spiny frogs
  A kobold demonologist (D:11)
  11 komodo dragons
  A merfolk (Lair:4)
  3 fire drakes
  A queen bee (Lair:1)
  3 giant leeches (Lair:8)
  3 boulder beetles
  A two-headed ogre (D:8)
  6 trolls
  26 blink frogs
  3 slime creatures (Lair:7)
  2 deep elf magi (D:10)
  12 hippogriffs
  35 yaks
  A shadow (D:11)
  Grum (D:9)
  A human (D:9)
  2 hungry ghosts
  3 basilisks
  4 swamp worms (Lair:7)
  2 wargs
  31 nagas
  5 vampire mosquitoes
  A soldier ant (D:10)
  15 wolves
  32 orc warriors
  6 porcupines
  20 water moccasins
  Duvessa (D:7)
  3 swamp drakes (Lair:7)
  A black bear (D:10)
  4 sky beasts
  2 ice beasts
  2 necrophages
  A phantom (D:5)
  12 ogres
  7 centaurs
  32 giant frogs
  15 crocodiles
  Blork the orc (D:4)
  2 big kobolds
  Dowan (D:7)
  8 scorpions
  43 killer bees
  3 wights (D:10)
  3 electric eels
  29 orc priests
  4 jellies
  A centaur zombie (D:6)
  A giant frog zombie (D:12)
  3 hounds
  7 crimson imps
  10 centaur skeletons
  A giant frog skeleton (D:6)
  Jessica (D:7)
  9 iguanas
  11 worker ants
  31 orc wizards
  19 sheep
  An ogre skeleton (Lab)
  2 hound zombies (D:6)
  A worker ant zombie (D:10)
  A hound skeleton (D:4)
  7 gnolls
  106 river rats
  14 adders
  2 shadow imps
  An ooze (D:2)
  An adder zombie (D:7)
  6 worms
  6 giant geckos
  174 orcs
  4 ball pythons
  7 giant cockroaches
  5 goblins
  3 hobgoblins
  14 jackals
  6 quokkas
  17 bats
  A giant gecko zombie (D:5)
  8 giant newts
  11 kobolds
  A quokka skeleton (D:3)
  A quokka zombie (D:5)
  4 rats
  13 fungi
  20 plants
1120 creatures vanquished.

Vanquished Creatures (others)
  A salamander (Snake:1)
  2 river rats (Lair:1)
  7 fungi
  7 plants
17 creatures vanquished.

Grand Total: 1137 creatures vanquished

Notes
Turn   | Place    | Note
--------------------------------------------------------------
     0 | D:1      | Kloppie the Formicid Fighter began the quest for the Orb.
     0 | D:1      | Reached XP level 1. HP: 18/18 MP: 1/1
   365 | D:1      | Reached XP level 2. HP: 20/24 MP: 2/2
   942 | D:1      | Reached XP level 3. HP: 30/30 MP: 3/3
  1333 | D:2      | Reached skill level 4 in Armour
  1620 | D:2      | Reached XP level 4. HP: 34/37 MP: 4/4
  2051 | D:3      | Reached XP level 5. HP: 24/43 MP: 5/5
  2195 | D:3      | Found a glowing golden altar of the Shining One.
  2861 | D:4      | Reached skill level 5 in Armour
  2861 | D:4      | Reached XP level 6. HP: 44/49 MP: 6/6
  3216 | D:4      | Noticed Blork the orc
  3220 | D:4      | Reached skill level 5 in Fighting
  3389 | D:4      | Killed Blork the orc
  3658 | D:4      | Reached XP level 7. HP: 56/56 MP: 7/7
  3891 | D:4      | Found a bloodstained altar of Trog.
  3975 | D:5      | Entered Level 5 of the Dungeon
  4200 | D:5      | Reached skill level 6 in Armour
  4393 | D:5      | Reached skill level 5 in Axes
  4393 | D:5      | Reached XP level 8. HP: 57/64 MP: 8/8
  4408 | D:5      | Found an iron altar of Okawaru.
  4717 | D:5      | Found a blossoming altar of Fedhas.
  4874 | D:6      | Reached skill level 7 in Armour
  4984 | D:6      | Reached XP level 9. HP: 24/72 MP: 9/9
  5416 | D:6      | Reached skill level 8 in Armour
  5586 | D:6      | Identified a scroll of acquirement
  6277 | D:7      | Found a shattered altar of Ashenzari.
  6458 | D:7      | Noticed Duvessa
  6458 | D:7      | Noticed Dowan
  6465 | D:7      | Killed Duvessa
  6470 | D:7      | Killed Dowan
  6886 | D:7      | Found a staircase to the Ecumenical Temple.
  6920 | D:7      | Reached XP level 10. HP: 82/82 MP: 3/10
  6931 | D:7      | Reached skill level 9 in Armour
  6958 | D:7      | Noticed Jessica
  6965 | D:7      | Killed Jessica
  6969 | D:7      | Found a deep blue altar of Sif Muna.
  7555 | D:7      | Got a twisted battleaxe
  7556 | D:7      | Identified the +10 battleaxe "Killer Klown's Peril" {antimagic, rElec Dex+3} (You acquired it on level 7 of the Dungeon)
  7581 | Temple   | Entered the Ecumenical Temple
  7659 | Temple   | Became a worshipper of Makhleb the Destroyer
  8084 | D:8      | Reached * piety under Makhleb
  8336 | D:8      | Noticed nataq's ghost (novice DsFi)
  8361 | D:8      | Killed nataq's ghost
  8361 | D:8      | Reached skill level 10 in Fighting
  8361 | D:8      | Reached skill level 10 in Armour
  8554 | D:8      | Found a glowing silver altar of Zin.
  8555 | D:8      | Noticed an angel
  8856 | D:9      | Noticed Grum
  8869 | D:9      | Killed Grum
  8871 | D:9      | Reached XP level 11. HP: 69/92 MP: 3/11
  9116 | D:9      | Noticed Joseph
  9117 | D:9      | Noticed Psyche
  9142 | D:9      | Killed Joseph
  9144 | D:9      | Killed Psyche
  9144 | D:9      | Reached skill level 11 in Fighting
  9273 | D:9      | Got a shimmering robe
  9391 | D:9      | Reached ** piety under Makhleb
  9472 | D:9      | Noticed Erica
  9482 | D:9      | Killed Erica
  9482 | D:9      | Reached skill level 10 in Axes
  9541 | D:10     | Entered Level 10 of the Dungeon
  9638 | D:10     | Found a staircase to the Lair.
 10076 | D:10     | Noticed a hill giant
 10079 | D:10     | Noticed an ogre mage
 10081 | D:10     | Killed a hill giant
 10237 | D:10     | Killed an ogre mage
 10296 | D:10     | Found Qerghu's Book Shop.
 10316 | D:10     | Noticed Fannar
 10331 | D:10     | Killed Fannar
 10331 | D:10     | Reached XP level 12. HP: 102/102 MP: 4/12
 10409 | D:10     | Reached skill level 12 in Fighting
 10557 | D:11     | Reached *** piety under Makhleb
 10570 | D:11     | Got a steaming silver amulet
 10599 | D:11     | Noticed a hill giant
 10601 | D:11     | Noticed an eight-headed hydra
 10827 | Lair:1   | Entered Level 1 of the Lair of Beasts
 10846 | Lair:1   | Reached skill level 1 in Invocations
 11029 | Lair:1   | Reached **** piety under Makhleb
 11554 | Lair:1   | Reached skill level 5 in Invocations
 11648 | Lair:1   | Reached ***** piety under Makhleb
 12016 | Lair:2   | Noticed Sonja
 12024 | Lair:2   | Killed Sonja
 12767 | Lair:2   | Reached XP level 13. HP: 108/108 MP: 6/18
 13139 | Lair:2   | Identified the amulet "Aruaptem" {rCorr rC+ Slay+2} (You found it on level 11 of the Dungeon)
 13837 | Lair:3   | Reached skill level 5 in Shields
 13874 | Lair:3   | Found a staircase to the Snake Pit.
 14133 | Lair:3   | Reached skill level 13 in Axes
 14221 | Lair:3   | Reached ****** piety under Makhleb
 14761 | Lair:3   | Noticed Maud
 14781 | Lair:3   | Killed Maud
 15516 | Lair:4   | Reached XP level 14. HP: 115/115 MP: 6/20
 15554 | Lair:4   | Reached XP level 15. HP: 121/121 MP: 7/21
 15563 | Lair:4   | Found a staircase to the Shoals.
 15765 | Lair:4   | Got a scorched ring mail
 16330 | Lair:4   | Reached skill level 14 in Axes
 19965 | Lair:7   | Noticed Nessos
 19977 | Lair:7   | Killed Nessos
 19977 | Lair:7   | Reached skill level 15 in Axes
 20022 | Lair:7   | Found a staircase to the Slime Pits.
 20582 | Lair:7   | Reached XP level 16. HP: 127/131 MP: 7/22
 20625 | Lair:7   | Identified the cursed +0 ring mail "Pesmisch" {*Corrode rN+ Dex+5 Stlth+} (You found it on level 4 of the Lair of Beasts)
 21271 | D:11     | Noticed an eight-headed hydra
 21275 | D:11     | Killed an eight-headed hydra
 21290 | D:11     | Noticed a green ugly thing
 21293 | D:11     | Noticed Harold
 21307 | D:11     | Killed Harold
 21308 | D:11     | Killed a green ugly thing
 21308 | D:11     | Reached skill level 10 in Invocations
 21379 | D:11     | Killed an eight-headed hydra
 21384 | D:11     | Killed a hill giant
 21389 | D:11     | Noticed a hill giant
 21393 | D:11     | Noticed an orc knight
 21400 | D:11     | Killed a hill giant
 21408 | D:11     | Killed an orc knight
 21751 | D:11     | Found Qahioqe's Assorted Antiques.
 21755 | D:11     | Bought a wavering tin ring for 125 gold pieces
 21755 | D:11     | Bought 3 scrolls of identify for 150 gold pieces
 21755 | D:11     | Bought a scroll labeled XACERENIUDGH for 25 gold pieces
 21755 | D:11     | Bought a large shield for 112 gold pieces
 21755 | D:11     | Identified the ring "Jeunant" {MR+ AC+3 Dex+3 SInv} (You bought it in a shop on level 11 of the Dungeon)
 21813 | D:11     | Found a staircase to the Orcish Mines.
 21814 | D:11     | Found Acsepn's Armour Shop.
 21815 | D:11     | Found Coaxoip's Weapon Shop.
 23067 | Orc:1    | Entered Level 1 of the Orcish Mines
 24248 | Orc:3    | Found a roughly hewn altar of Beogh.
 24489 | Orc:4    | Entered Level 4 of the Orcish Mines
 24583 | Orc:4    | Found Nagukaw's General Store.
 24586 | Orc:4    | Bought a potion of beneficial mutation for 525 gold pieces
 24586 | Orc:4    | Gained mutation: You are agile. (Dex +2) [potion of beneficial mutation]
 24587 | Orc:4    | Gained mutation: You possess an exceptional clarity of mind. [potion of beneficial mutation]
 24673 | Orc:4    | Found a labyrinth entrance.
 24682 | Lab      | Entered a labyrinth
 24809 | Lab      | Reached skill level 16 in Axes
 24815 | Lab      | Got an encrusted hunting sling
 24815 | Lab      | Got a jewelled falchion {holy}
 24889 | Orc:4    | Found a staircase to the Elven Halls.
 24951 | Orc:4    | Found a roughly hewn altar of Beogh.
 24967 | Orc:4    | Found Wompol's Antique Weapon Shoppe.
 25033 | Orc:4    | Found a roughly hewn altar of Beogh.
 25118 | Orc:4    | Found a roughly hewn altar of Beogh.
 25161 | Orc:4    | Found a roughly hewn altar of Beogh.
 25162 | Orc:4    | Found Xithrynlu's Antique Armour Emporium.
 25215 | Orc:4    | Bought a spiked chain mail for 313 gold pieces
 25215 | Orc:4    | Bought a heavily runed cloak for 313 gold pieces
 25226 | Orc:4    | Identified the cursed +0 chain mail of Restlessness {Str+4} (You bought it in a shop on level 4 of the Orcish Mines)
 25231 | Orc:4    | Identified the +1 cloak of Apathy {*Drain rPois Regen+ Dex+3} (You bought it in a shop on level 4 of the Orcish Mines)
 25289 | Orc:4    | Noticed Saint Roka
 25324 | Orc:4    | Killed Saint Roka
 25402 | Orc:4    | Found Ryrougoi's Antique Armour Emporium.
 25403 | Orc:4    | Found a roughly hewn altar of Beogh.
 25404 | Orc:4    | Found Wumat's Antique Weapon Shoppe.
 25417 | Orc:4    | Bought a twisted chain mail for 380 gold pieces
 25427 | Orc:4    | Identified the +7 chain mail of Tiqetod {rPois MP-9 Str+2 Stlth+} (You bought it in a shop on level 4 of the Orcish Mines)
 25522 | Orc:4    | Found a roughly hewn altar of Beogh.
 25678 | Orc:4    | Found a roughly hewn altar of Beogh.
 25714 | Orc:4    | Found a roughly hewn altar of Beogh.
 26236 | Lair:8   | Entered Level 8 of the Lair of Beasts
 26250 | Lair:8   | Reached skill level 1 in Dodging
 26629 | Lair:8   | Reached XP level 17. HP: 137/137 MP: 15/24
 27397 | Snake:1  | Entered Level 1 of the Snake Pit
 27626 | Snake:1  | Noticed Nikola
 27640 | Snake:1  | Reached skill level 5 in Dodging
 27663 | Snake:1  | Killed Nikola
 27938 | Snake:1  | Noticed Roxanne
 28188 | Snake:2  | Reached skill level 15 in Shields
 28357 | Snake:2  | Found Haume's Humungous Hoard.
 28571 | Snake:2  | Found a shadowy altar of Dithmenos.
 29557 | Snake:4  | Entered Level 4 of the Snake Pit
 29581 | Snake:4  | Reached XP level 18. HP: 147/147 MP: 17/26
 29843 | Snake:4  | Reached skill level 15 in Fighting
 30226 | Snake:4  | HP: 7/149 [balrug/divine providence[the player character] (13)]
 30234 | Snake:4  | Killed from afar by a balrug

Action                   |  1- 3 |  4- 6 |  7- 9 | 10-12 | 13-15 | 16-18 || total
-------------------------+-------+-------+-------+-------+-------+-------++-------
Melee: War axe           |   110 |   146 |   278 |       |       |   860 ||  1394
       Broad axe         |       |       |   159 |    53 |       |       ||   212
       Battleaxe         |       |       |       |   525 |   675 |   514 ||  1714
Invok: Major Destruction |       |       |       |       |    21 |     8 ||    29
       Lesser Servant of |       |       |       |       |     3 |       ||     3
       Greater Servant o |       |       |       |       |       |     1 ||     1
 Abil: Dig               |       |       |     1 |     2 |     6 |       ||     9
Evoke: Wand              |       |       |       |     3 |     1 |       ||     4
  Use: Potion            |       |     1 |     3 |     4 |     3 |     6 ||    17
       Scroll            |       |       |    19 |     4 |     8 |    17 ||    48
 Stab: Sleeping          |       |     1 |       |       |       |       ||     1
       Paralysed         |       |       |       |       |     1 |       ||     1
       Confused          |       |       |       |       |       |     1 ||     1
  Eat: Chunk             |     2 |     7 |    12 |    15 |    20 |    20 ||    76
       Beef jerky        |       |       |       |     1 |       |       ||     1
       Fruit             |       |       |       |     4 |     5 |       ||     9
       Bread ration      |       |       |       |       |     1 |     5 ||     6
       Pizza             |       |       |       |       |     1 |       ||     1
